Cogmind - Beta 13 X2 @@@ ROGUE MODE // 2024.02.07 @ 09:33:36 Player: Minty Result: Destroyed by G-73 Enforcer with Phase Gun Performance ------------- Evolutions (5) 2500 Regions Visited (17) 3400 Robots Destroyed (102) 510 Value Destroyed (4414) 4414 Prototype IDs (60) 1200 Alien Tech Used (0) 0 Bonus (3197) 3197 TOTAL SCORE: 15221 Bonus ------- High Alert Combat Kills 344 Follower Combat Kills 185 Entered DSFs 500 Aligned with FarCom 300 Met Data Miner 300 Met Warlord at Base 500 MAIN.C Attacked Warlord 500 Warlord Defense Kills 614 Friendly Fire -46 Cogmind --------- Core Integrity 0/1000 Matter 178/300 Energy 10/100 System Corruption 2% Temperature Cool (75) Movement Core (250) Ox4 Location -4/Proximity Caves Parts ------- > --- POWER (2) -------- (None) > --- PROPULSION (5) --- (None) > --- UTILITY (5) ------ 0b10 Decoder Chip [Skirmisher] Improved Targeting Computer Improved Target Analyzer Advanced Particle Charger Improved Hardlight Generator > --- WEAPON (5) ------- (None) > --- INVENTORY (5) ---- Micro Fission Core Reinforced Antimatter Reactor Vortex Driver (4) Peak State ------------ > --- POWER ------------ Micro Fission Core Micro Fission Core > --- PROPULSION ------- Carbon-fiber Leg Carbon-fiber Leg Carbon-fiber Leg > --- UTILITY ---------- Advanced Heat Sink Small Storage Unit Experimental Thermal Shield Improved Hacking Suite Advanced System Shield > --- WEAPON ----------- Firepult Plasma Flamer Plasma Flamer Makeshift Hammer > --- INVENTORY -------- Micro Fission Core Advanced Terrain Scanner Improved Particle Charger Advanced Particle Charger Authchip [R/Combat] Authchip [Weapon] Authchip [Weapon] Advanced Trap Extractor [Rating: 85] Favorites ----------- Power Angular Momentum Engine Engine Angular Momentum Engine Power Core Micro Fission Core Reactor Reinforced Antimatter Reactor Propulsion Improved Medium Treads Treads Improved Medium Treads Leg Carbon-fiber Leg Hover Unit Backup Propulsion III Flight Unit Flight Unit Utility Huge Storage Unit Device Improved Cooling System Storage Huge Storage Unit Processor Improved Target Analyzer Hackware Improved Hacking Suite Protection Improved Utility Shielding Weapon Plasma Flamer Energy Gun High-powered Shock Rifle Energy Cannon Neutron Cannon Ballistic Gun Makeshift Shrapnel Gun Ballistic Cannon Flak Cannon Launcher Shock Bomb Launcher Special Weapon Plasma Flamer Impact Weapon Makeshift Hammer Slashing Weapon Greatsword Special Melee Weapon Improved Datajack Build | -11 -10 -10 -10 -9 -8 -7 -7 -6 -6 -6 -6 -5 -5 -5 -5 -5 -4 ------- Run | Yrd Mat Min Exi Min Mat Fac DSF Fac Low Low Dat Pro Fac Upp Upp War Pro Slots Evolved 10 | . . . . . 4 2 . 2 . . . . 2 . . . . Power 1 | . . . . . . . . 1 . . . . . . . . . Propulsion 3 | . . . . . 1 2 . . . . . . . . . . . Utility 3 | . . . . . . . . 1 . . . . 2 . . . . Weapon 3 | . . . . . 3 . . . . . . . . . . . . Parts Attached 208 | . 2 11 3 . 19 6 10 29 20 6 . 25 32 6 2 23 14 Power 23 | . . 2 . . 1 . 1 2 3 1 . 2 4 1 . 1 5 Engine 12 | . . 2 . . 1 . 1 2 2 . . 2 2 . . . . Core 7 | . . . . . . . . . 1 1 . . 2 1 . . 2 Reactor 4 | . . . . . . . . . . . . . . . . 1 3 Propulsion 44 | . . 6 . . 8 2 6 1 2 3 . 1 6 3 . 5 1 Treads 28 | . . 4 . . 8 2 6 1 2 3 . 1 . . . 1 . Leg 8 | . . . . . . . . . . . . . 5 2 . 1 . Wheel . | . . . . . . . . . . . . . . . . . . Hover 4 | . . . . . . . . . . . . . 1 1 . 1 1 Flight 4 | . . 2 . . . . . . . . . . . . . 2 . Utility 52 | . 1 . 1 . 2 1 . 16 8 1 . 5 8 1 2 3 3 Device 24 | . 1 . . . . . . 9 4 1 . 3 3 . . . 3 Storage 6 | . . . 1 . 1 . . . . . . 2 2 . . . . Processor 7 | . . . . . . . . 2 1 . . . 1 1 1 1 . Hackware 5 | . . . . . . . . 3 . . . . 2 . . . . Protection 10 | . . . . . 1 1 . 2 3 . . . . . 1 2 . Artifact . | . . . . . . . . . . . . . . . . . . Weapon 89 | . 1 3 2 . 8 3 3 10 7 1 . 17 14 1 . 14 5 Energy Gun 25 | . 1 2 . . 1 . . 6 2 1 . 6 3 1 . 2 . Energy Cannon 15 | . . . . . 1 . . 1 . . . 4 2 . . 4 3 Ballistic Gun 6 | . . . 1 . 1 2 . . 1 . . 1 . . . . . Ballistic Cannon 8 | . . . 1 . 1 . 1 2 . . . . . . . 3 . Launcher 11 | . . 1 . . 1 . 1 . . . . 1 . . . 5 2 Special Weapon 10 | . . . . . . . . . . . . 5 5 . . . . Impact Weapon 5 | . . . . . 1 . . 1 1 . . . 2 . . . . Slashing Weapon 6 | . . . . . . . 1 . 3 . . . 2 . . . . Piercing Weapon . | . . . . . . . . . . . . . . . . . . Special Melee Weapon 3 | . . . . . 2 1 . . . . . . . . . . . Unidentified Prototypes 10 | . . . . . . 1 . 2 . . . 2 . . . 5 . Corrupted Parts 2 | . . . . . . . . . . . . . 2 . . . . System Corruption 9 | . . . . . . . . . . . . . 9 . . . . Parts Lost 49 | . 1 1 . . . . 2 3 3 . . 16 4 3 10 1 5 Power 7 | . . . . . . . . 1 2 . . 3 . . 1 . . Propulsion 18 | . . . . . . . 1 . 1 . . 5 . . 5 1 5 Utility 7 | . 1 . . . . . . 1 . . . 2 . 1 2 . . Weapon 17 | . . 1 . . . . 1 1 . . . 6 4 2 2 . . Highest Loss Streak 8 | . 1 1 . . . . 1 1 2 . . 6 3 3 8 1 5 To Critical Strikes 1 | . . . . . . . . . . . . . . . 1 . . Average Slot Usage (%) 58 | . 90 76 98 100 98 100 99 97 92 92 93 45 37 94 58 47 43 Engine 7 | . 14 14 14 14 9 7 7 12 5 6 6 8 . . . 4 . Core 1 | . . . . . . . . . 1 6 6 . 3 11 7 . 3 Treads 7 | . . 19 28 28 26 38 38 33 32 32 33 . . . . . . Leg 1 | . 28 1 . . . . . . . . . . 6 23 13 . . Device 4 | . 5 . . . . . . 7 2 6 6 4 3 11 6 . 3 Storage 6 | . 14 14 26 28 12 7 7 6 6 6 6 6 5 5 4 . . Processor 1 | . . . . . . . . 1 4 . . . 2 . 6 12 17 Protection 3 | . . . . . 5 7 7 . 4 6 6 4 . . 1 5 . Energy Gun 6 | . 28 20 13 . 1 7 7 12 14 18 20 5 2 12 4 3 . Energy Cannon 3 | . . . . . 1 7 7 6 . . . 4 . . . . 3 Ballistic Gun 2 | . . . 7 14 9 6 15 2 5 . . 2 . . . . . Ballistic Cannon 1 | . . . 7 14 15 13 2 6 . . . . . . . . . Special Weapon 3 | . . . . . . . . . . . . 4 4 7 . . . Naked Turns . | . . . . . . . . . . . . . . . . . . Heaviest Build 131 | 13 15 14 21 21 118 118 116 131 130 125 125 125 85 43 37 64 34 Greatest Support 150 | 20 20 42 42 42 84 110 150 150 148 146 146 146 45 80 80 25 11 Greatest Overweight (x) 40 | . . 2 . . 5 1 1 . . 1 . 40 28 . 2 4 3 Average Overweight (x) 4 | . . . . . . 1 . . . . . 26 4 . . . 1 Largest Inventory Capacity 25 | . 8 8 8 8 25 25 25 25 25 25 25 25 25 10 10 5 5 Average Capacity 21 | . 8 8 8 8 22 25 25 25 25 25 25 24 18 10 9 5 5 Most Carried 25 | . 8 8 8 8 25 24 25 25 25 25 25 25 25 10 10 5 5 Average Carried 21 | . 7 7 7 8 17 23 24 24 24 24 25 24 18 9 8 4 1 Final Capacity 25 | 8 8 8 8 8 25 25 25 25 25 25 25 25 10 10 5 5 5 Final Carried 25 | 6 8 8 8 8 25 24 25 25 25 25 25 25 10 10 5 5 3 Class Distribution -------------------- 47% | Tank 27% | Mutant 9% | Skirmisher 4% | Derelict-Tank Dominant Class ---------------- Mutant | -10/Materials Mutant | -10/Mines Mutant | -10/Exiles Mutant | -9/Mines Skirmisher | -8/Materials Skirmisher | -7/Factory Skirmisher | -7/DSF Skirmisher | -6/Factory Derelict-Gladiator | -6/Lower Caves Derelict-Tank | -6/Lower Caves Derelict-Tank | -6/Data Miner Tank | -5/Proximity Caves Mutant | -5/Factory Scavenger-Tank | -5/Upper Caves Scavenger-Mutant | -5/Upper Caves Mutant | -5/Warlord Mutant | -4/Proximity Caves Resources | -11 -10 -10 -10 -9 -8 -7 -7 -6 -6 -6 -6 -5 -5 -5 -5 -5 -4 ----------- Run | Yrd Mat Min Exi Min Mat Fac DSF Fac Low Low Dat Pro Fac Upp Upp War Pro Matter Collected 3634 | 200 148 50 . 106 454 . 307 715 273 69 . 327 413 98 . 427 47 Remotely . | . . . . . . . . . . . . . . . . . . Salvage Created 4845 | . 148 97 . 53 588 . 348 1336 437 67 . 772 411 358 . 148 82 Parts 162 | . 9 9 . 2 25 . 23 38 4 4 . 12 15 11 . 8 2 Haulers Intercepted 1 | . . . . . . . . . . . . . 1 . . . . Recyclers Shooed 8 | . . . . . . . . 6 2 . . . . . . . . Parts Field Recycled . | . . . . . . . . . . . . . . . . . . Retrieved Matter . | . . . . . . . . . . . . . . . . . . Parts Self-Destructed 23 | . . . . . . . . . 1 4 . 15 . 2 . . 1 Prevented 13 | . . . . . . . . . . . . 1 . 12 . . . Kills | -11 -10 -10 -10 -9 -8 -7 -7 -6 -6 -6 -6 -5 -5 -5 -5 -5 -4 ------- Run | Yrd Mat Min Exi Min Mat Fac DSF Fac Low Low Dat Pro Fac Upp Upp War Pro Combat Hostiles Destroyed 89 | . 2 6 . 2 13 . 7 21 4 1 . 13 4 4 . 6 6 Melee 6 | . . . . . . . . 3 . . . 1 2 . . . . Guns 24 | . 1 3 . 1 3 . 5 3 3 . . 4 . 1 . . . Cannons 28 | . . . . 1 6 . 2 11 . . . 2 1 . . 3 2 AOE 18 | . . 3 . . 4 . . 1 . . . 3 . . . 3 4 Classes Destroyed 18 | . 3 1 . . 3 . 3 1 1 1 . 1 1 1 . 1 1 Worker 4 | . 1 . . . 1 . . 2 . . . . . . . . . Builder 2 | . . . . . 1 . . . . . . . 1 . . . . Hauler 1 | . . . . . . . . . . . . . 1 . . . . Recycler 4 | . . . . . 1 . . 2 . . . . 1 . . . . Drone 1 | . . . . . . . . . . . . . . . . . 1 Watcher 2 | . 1 . . . . . . 1 . . . . . . . . . Swarmer 16 | . . 6 . . 7 . . . . . . 1 . . . 2 . Grunt 41 | . 2 . . 2 3 . 2 14 2 . . 8 2 3 . . 3 Brawler 2 | . . . . . . . . 1 . . . . . . . 1 . Duelist 1 | . . . . . . . . . . . . . . . . 1 . Sentry 10 | . . . . . 3 . . 4 1 . . 1 . 1 . . . Specialist 3 | . . . . . . . 3 . . . . . . . . . . Hunter 4 | . . . . . . . . . . 1 . 1 . . . 2 . Programmer 8 | . . . . . . . 1 2 . . . 1 2 . . . 2 Heavy 1 | . . . . . . . 1 . . . . . . . . . . Behemoth 1 | . . . . . . . . . . . . 1 . . . . . Packrat 5 | . . . . . . . . . 3 . . 2 . . . . . Samaritan 2 | . . . . . . . . . . . . . . 2 . . . Mutant 1 | . . . . . . . . . 1 . . . . . . . . Best Kill Streak 10 | . 3 3 . 2 10 . 3 8 1 1 . 5 3 2 . 4 4 Combat Bots Only 7 | . 2 3 . 2 7 . 3 6 1 1 . 5 2 2 . 4 4 Max Kills in Single Turn 3 | . 1 3 . 1 3 . 1 2 1 1 . 1 1 1 . 3 3 Gunslinging . | . . . . . . . . . . . . . . . . . . Exploded 3 | . . 3 . . 2 . . 1 . . . 1 . . . 3 3 Melee 1 | . . . . . . . . 1 . . . 1 1 . . . . Uniques/NPCs Destroyed . | . . . . . . . . . . . . . . . . . . Combat | -11 -10 -10 -10 -9 -8 -7 -7 -6 -6 -6 -6 -5 -5 -5 -5 -5 -4 -------- Run | Yrd Mat Min Exi Min Mat Fac DSF Fac Low Low Dat Pro Fac Upp Upp War Pro Hostile Shots Fired 668 | . 14 22 . 8 40 . 42 108 70 8 . 127 54 34 89 21 31 Missed 200 | . 3 5 . 1 12 . 16 34 17 2 . 42 13 12 26 10 7 Damage Taken 8658 | . 135 131 . 112 365 . 653 1250 695 117 . 1971 810 353 1226 204 636 Core 1666 | . 12 14 . 17 6 . 61 37 62 22 . 433 261 51 398 88 204 Absorbed by Shields . | . . . . . . . . . . . . . . . . . . Redirected to Shielding 113 | . . . . . . . . . 6 . . 107 . . . . . Ignored by Resistances 206 | . . . . . . . . . 30 . . . . 110 66 . . Regen/Repaired (Parts) 141 | . . . . . . . . 141 . . . . . . . . . Core Remaining (%) 81 | 100 . . . 82 98 . 91 . . . . 34 . . . . . Volleys Fired 238 | . 11 8 . 6 15 . 18 42 12 3 . 49 18 18 9 18 11 Largest 5 | . 2 2 . 2 4 . 5 5 4 3 . 3 4 4 2 2 1 Hottest 410 | . 80 80 . 69 149 . 217 303 300 235 . 410 320 320 120 350 100 Shots Fired 585 | . 22 9 . 12 48 . 65 166 39 9 . 90 30 43 15 26 11 Gun 356 | . 22 8 . 6 13 . 42 78 35 9 . 71 13 37 15 7 . Cannon 184 | . . . . 6 27 . 22 88 4 . . 12 3 . . 15 7 Launcher 20 | . . 1 . . 8 . 1 . . . . 2 . . . 4 4 Special 25 | . . . . . . . . . . . . 5 14 6 . . . Kinetic 192 | . . . . 12 40 . 37 66 8 . . 17 . . . 12 . Thermal 247 | . . . . . . . 27 95 31 9 . 57 19 6 . 3 . Explosive 2 | . . . . . . . . . . . . 2 . . . . . Electromagnetic 129 | . 22 9 . . 8 . 1 5 . . . 14 11 37 15 7 . Entropic 15 | . . . . . . . . . . . . . . . . 4 11 Robot Hit Streak 17 | . 6 3 . 4 4 . 8 17 16 4 . 16 11 5 5 4 4 Robot Miss Streak 6 | . 3 2 . 3 6 . 3 3 2 2 . 4 3 3 1 3 2 Penetration Max . | . . . . . . . . . . . . . . . . . . Secondary Targets 3 | . . . . . . . 1 . . . . 1 . 1 . . . Max Gunslinging Chain 1 | . . . . . . . 1 . . . . 1 . 1 . . . Shots Hit Robots 416 | . 14 5 . 10 30 . 35 107 38 5 . 68 31 28 19 19 7 Core Hits 218 | . 6 6 . 8 34 . 14 55 9 2 . 45 15 6 . 11 7 Critical Kills 2 | . . . . . . . . . 1 . . . 1 . . . . Critical Parts Destroyed 6 | . . . . . . . . 1 1 . . . . 2 2 . . Critical Strikes 29 | . . . . . . . . 7 6 1 . 3 2 4 2 2 2 Burn 16 | . . . . . . . . 5 4 1 . 3 1 2 . . . Blast 3 | . . . . . . . . 1 . . . . . . . 2 . Smash 8 | . . . . . . . . 1 2 . . . 1 2 2 . . Sunder 2 | . . . . . . . . . . . . . . . . . 2 Melee Attacks 62 | . . . . . 2 . . 10 13 3 . 1 14 5 14 . . Impact 50 | . . . . . 1 . . 10 10 . . . 10 5 14 . . Slashing 11 | . . . . . . . . . 3 3 . 1 4 . . . . Piercing . | . . . . . . . . . . . . . . . . . . Sneak Attacks 11 | . . . . . 1 . . 2 3 . . . 4 1 . . . Combat Hostiles . | . . . . . . . . . . . . . . . . . . Follow-up Attacks . | . . . . . . . . . . . . . . . . . . Damage Inflicted 15056 | . 361 186 . 174 780 . 780 3360 1252 99 . 2409 1149 747 512 1673 1574 Guns 4448 | . 265 53 . 79 126 . 440 1079 549 99 . 1090 159 295 138 76 . Cannons 4149 | . . . . 95 397 . 340 1523 75 . . 319 77 . . 954 369 Explosions 3555 | . 96 133 . . 231 . . 137 . . . 922 78 110 . 643 1205 Melee 2464 | . . . . . . . . 476 628 . . 53 655 278 374 . . Ramming 180 | . . . . . 26 . . 145 . . . . 9 . . . . Kinetic 3291 | . . . . 174 523 . 438 911 122 . . 360 . . . 763 . Thermal 4647 | . 96 78 . . . . 342 1618 502 99 . 1365 248 174 . 125 . Explosive 638 | . . . . . . . . 137 . . . 501 . . . . . Electromagnetic 1553 | . 265 108 . . 231 . . 73 . . . 130 237 295 138 76 . Impact 2011 | . . . . . . . . 476 506 . . . 377 278 374 . . Slashing 453 | . . . . . . . . . 122 . . 53 278 . . . . Piercing . | . . . . . . . . . . . . . . . . . . Entropic 2283 | . . . . . . . . . . . . . . . . 709 1574 Highest Corruption 26 | . . . . . . . . 4 . . . . 10 10 26 26 2 Average Corruption 7 | . . . . . . . . 3 . . . . 8 10 15 26 1 Corruption Purged 4 | . . . . . . . . 4 . . . . . . . . . Corruption Blocked 29 | . . . . . . . . . . . . . . . . 29 . Effects 57 | . . . . . . . . 10 . . . . 16 17 10 1 3 Message Errors 10 | . . . . . . . . . . . . . 2 4 4 . . Matter Fused 15 | . . . . . . . . 2 . . . . 4 7 1 . 1 Heat Flow Errors 2 | . . . . . . . . . . . . . 1 . 1 . . Energy Discharges 8 | . . . . . . . . 2 . . . . . 3 2 . 1 Parts Rejected 1 | . . . . . . . . . . . . . . 1 . . . Parts Fused 1 | . . . . . . . . 1 . . . . . . . . . Data Loss (minor) 15 | . . . . . . . . 4 . . . . 6 1 2 1 1 Data Loss (major) 3 | . . . . . . . . 1 . . . . 2 . . . . Misfires 1 | . . . . . . . . . . . . . 1 . . . . Weapon Failures 1 | . . . . . . . . . . . . . . 1 . . . Overload Shots . | . . . . . . . . . . . . . . . . . . Overflow Damage 1278 | . . . . . 25 . . 162 227 . . 95 176 223 164 76 130 Projectiles 203 | . . . . . 21 . . 15 . . . 57 10 . . 76 24 Explosions 148 | . . . . . 4 . . . . . . 38 . . . . 106 Melee 927 | . . . . . . . . 147 227 . . . 166 223 164 . . Knockbacks 24 | . . . . . 11 . . 3 2 . . . 4 1 1 2 . Impact 10 | . . . . . . . . 2 2 . . . 4 1 1 . . Kinetic 14 | . . . . . 11 . . 1 . . . . . . . 2 . Secondary . | . . . . . . . . . . . . . . . . . . Self-Inflicted Damage 234 | . . . . . 26 . . . . . . 41 21 . . . 146 Shots 7 | . . . . . 2 . . . . . . 3 1 . . . 1 Rammed 12 | . . . . . 3 . . 9 . . . . . . . . . Targets Rammed 13 | . . . . . 3 . . 9 . . . . 1 . . . . Kicked 1 | . . . . . . . . . . . . . 1 . . . . Crushed . | . . . . . . . . . . . . . . . . . . Highest Temperature 544 | . 192 18 . 117 151 . 199 487 417 342 . 458 210 173 151 544 186 Average Temperature 131 | . 80 16 . 65 63 . 74 152 188 178 . 169 77 71 32 213 84 Received Heat Transfer 2824 | . 72 . . 63 108 . 63 490 168 . . 1088 351 175 171 . 75 Effects 31 | . . . . . . . . 4 7 2 . 7 . . . 11 . Shutdowns 5 | . . . . . . . . . 2 . . 1 . . . 2 . Energy Bleed 4 | . . . . . . . . 1 1 1 . . . . . 1 . Interference 11 | . . . . . . . . 2 2 . . 4 . . . 3 . Matter Decay 4 | . . . . . . . . 1 1 . . 1 . . . 1 . Short Circuit 2 | . . . . . . . . . . 1 . . . . . 1 . Damage (minor) 5 | . . . . . . . . . 1 . . 1 . . . 3 . Siege Activations . | . . . . . . . . . . . . . . . . . . Robots Corrupted 3 | . 1 . . . . . . . . . . . . 2 . . . Combat Hostiles 3 | . 1 . . . . . . . . . . . . 2 . . . Parts Fried 6 | . 1 . . . . . . . . . . . 2 3 . . . Impact Corruptions 35 | . . . . . . . . 5 10 . . . 1 13 6 . . Robots Melted 10 | . . . . . . . . 3 . 1 . 3 1 2 . . . Combat Hostiles 9 | . . . . . . . . 3 . 1 . 3 1 1 . . . Parts Melted 27 | . . . . . . . 1 8 1 3 . 12 2 . . . . Heat Transferred 12834 | . 100 150 . . . . 592 3383 1472 337 . 4697 1120 820 . 163 . Parts Sabotaged 4 | . . . . . . . . . . . . 4 . . . . . Parts Stolen . | . . . . . . . . . . . . . . . . . . Parts Stripped . | . . . . . . . . . . . . . . . . . . Power Chain Reactions 4 | . 1 1 . . 1 . . . . . . . . 1 . . . Missiles Intercepted . | . . . . . . . . . . . . . . . . . . Alert | -11 -10 -10 -10 -9 -8 -7 -7 -6 -6 -6 -6 -5 -5 -5 -5 -5 -4 ------- Run | Yrd Mat Min Exi Min Mat Fac DSF Fac Low Low Dat Pro Fac Upp Upp War Pro Peak Influence 860 | . 85 224 . 50 468 179 290 860 . . . . 94 . . . . Initial 179 | . . 33 . . 19 179 125 151 . . . . 18 . . . . Average 198 | . 23 174 . 46 167 179 223 631 . . . . 21 . . . . Maximum Alert Level 3 | . . 1 . . 2 . 1 3 . . . . . . . . . Low Security (%) 64 | . 100 36 . 100 60 100 34 10 . . . . 100 . . . . Level 1 19 | . . 63 . . 32 . 65 11 . . . . . . . . . Level 2 4 | . . . . . 6 . . 17 . . . . . . . . . Level 3 10 | . . . . . . . . 60 . . . . . . . . . Level 4 . | . . . . . . . . . . . . . . . . . . Level 5 . | . . . . . . . . . . . . . . . . . . High Security . | . . . . . . . . . . . . . . . . . . Max Security . | . . . . . . . . . . . . . . . . . . Squads Dispatched 18 | . 1 . . . 4 . 2 8 . . . 1 2 . . . . Investigation 7 | . 1 . . . 3 . . 3 . . . . . . . . . Extermination 3 | . . . . . . . . 2 . . . . 1 . . . . Reinforcement 4 | . . . . . 1 . 2 . . . . . 1 . . . . Assault 1 | . . . . . . . . . . . . 1 . . . . . Garrison 3 | . . . . . . . . 3 . . . . . . . . . Intercept . | . . . . . . . . . . . . . . . . . . Searches Triggered . | . . . . . . . . . . . . . . . . . . Construction Impeded . | . . . . . . . . . . . . . . . . . . Haulers Reinforced . | . . . . . . . . . . . . . . . . . . Active Scanning Responses . | . . . . . . . . . . . . . . . . . . Cargo Convoy Interrupts . | . . . . . . . . . . . . . . . . . . Stealth | -11 -10 -10 -10 -9 -8 -7 -7 -6 -6 -6 -6 -5 -5 -5 -5 -5 -4 --------- Run | Yrd Mat Min Exi Min Mat Fac DSF Fac Low Low Dat Pro Fac Upp Upp War Pro Distress Signals 4 | . . . . . . . . 2 . . . . . . . 2 . Communications Jammed . | . . . . . . . . . . . . . . . . . . Distress Signals . | . . . . . . . . . . . . . . . . . . Times Spotted 139 | . 8 6 . 1 22 . 11 22 5 1 . 17 6 5 13 13 9 Peak Tracking Total 8 | . 4 3 . 1 8 . 2 3 3 1 . 6 3 2 5 6 5 Tactical Retreats 12 | . . . . . 1 . . . 1 . . . . 2 7 1 . Traps | -11 -10 -10 -10 -9 -8 -7 -7 -6 -6 -6 -6 -5 -5 -5 -5 -5 -4 ------- Run | Yrd Mat Min Exi Min Mat Fac DSF Fac Low Low Dat Pro Fac Upp Upp War Pro Traps Triggered 6 | . . 2 . . 3 . . 1 . . . . . . . . . Indirectly 2 | . . . . . 2 . . . . . . . . . . . . Trap Hack Attempts 55 | . . . . . 10 45 . . . . . . . . . . . Triggered . | . . . . . . . . . . . . . . . . . . Disarmed 1 | . . . . . . 1 . . . . . . . . . . . Reprogrammed 5 | . . . . . 1 4 . . . . . . . . . . . Reused . | . . . . . . . . . . . . . . . . . . Traps Extracted . | . . . . . . . . . . . . . . . . . . Installed . | . . . . . . . . . . . . . . . . . . Triggered 13 | . . . . . . . . . . . . . . 1 . 12 . Machines | -11 -10 -10 -10 -9 -8 -7 -7 -6 -6 -6 -6 -5 -5 -5 -5 -5 -4 ---------- Run | Yrd Mat Min Exi Min Mat Fac DSF Fac Low Low Dat Pro Fac Upp Upp War Pro Machines Disabled 11 | . 1 1 . . 3 . . 4 1 . . . 1 . . . . Max in Single Turn 2 | . 1 1 . . 2 . . 2 1 . . . 1 . . . . Garrison Access 1 | . . . . . . . . 1 . . . . . . . . . Machines Repaired . | . . . . . . . . . . . . . . . . . . Machines Dismantled . | . . . . . . . . . . . . . . . . . . Machines Sabotaged . | . . . . . . . . . . . . . . . . . . Overloaded Fab Kills . | . . . . . . . . . . . . . . . . . . Hacking | -11 -10 -10 -10 -9 -8 -7 -7 -6 -6 -6 -6 -5 -5 -5 -5 -5 -4 --------- Run | Yrd Mat Min Exi Min Mat Fac DSF Fac Low Low Dat Pro Fac Upp Upp War Pro Machines Accessed 28 | . 2 1 2 . 4 1 . 4 1 . 4 . 1 . . 8 . Terminals 7 | . 2 . . . 2 1 . 1 . . . . 1 . . . . Fabricators . | . . . . . . . . . . . . . . . . . . Repair Stations 1 | . . . . . . . . 1 . . . . . . . . . Recycling Units 2 | . . . . . 1 . . 1 . . . . . . . . . Scanalyzers 1 | . . . . . 1 . . . . . . . . . . . . Garrison Access 1 | . . . . . . . . 1 . . . . . . . . . Total Hacks 92 | . 6 1 2 . 13 1 . 12 1 . 30 . 7 . . 19 . Successful 73 | . 1 1 2 . 9 1 . 6 1 . 30 . 3 . . 19 . Failed 19 | . 5 . . . 4 . . 6 . . . . 4 . . . . Catastrophic 5 | . 3 . . . . . . . . . . . 2 . . . . Database Lockouts . | . . . . . . . . . . . . . . . . . . Manual 24 | . 4 . 1 . 6 . . 5 . . . . 7 . . 1 . Terminals 25 | . 6 . . . 6 1 . 5 . . . . 7 . . . . Fabricators . | . . . . . . . . . . . . . . . . . . Repair Stations 2 | . . . . . . . . 2 . . . . . . . . . Recycling Units 5 | . . . . . 2 . . 3 . . . . . . . . . Scanalyzers 5 | . . . . . 5 . . . . . . . . . . . . Garrison Access 2 | . . . . . . . . 2 . . . . . . . . . Terminal Hacks 60 | . 1 1 2 . 1 1 . 2 1 . 30 . 2 . . 19 . Record 18 | . . . 1 . . . . . . . 11 . . . . 6 . Part Schematic 10 | . . . . . . . . . . . 10 . . . . . . Robot Schematic 6 | . . . . . . . . . . . 6 . . . . . . Robot Analysis 1 | . 1 . . . . . . . . . . . . . . . . Prototype ID Bank 14 | . . . . . . . . . . . 3 . . . . 11 . Open Door 4 | . . 1 . . . . . . 1 . . . . . . 2 . Open DSF 1 | . . . . . . 1 . . . . . . . . . . . Branch Access Points 1 | . . . . . . . . . . . . . 1 . . . . Terminal Index 1 | . . . . . . . . 1 . . . . . . . . . Alert Level 3 | . . . . . 1 . . 1 . . . . 1 . . . . Derelict Proto ID Bank 1 | . . . 1 . . . . . . . . . . . . . . Fabricator Hacks . | . . . . . . . . . . . . . . . . . . Repair Station Hacks 2 | . . . . . . . . 2 . . . . . . . . . Scan Component 1 | . . . . . . . . 1 . . . . . . . . . Repair 1 | . . . . . . . . 1 . . . . . . . . . Recycling Unit Hacks 2 | . . . . . 2 . . . . . . . . . . . . Report Inventory 1 | . . . . . 1 . . . . . . . . . . . . Retrieve Components 1 | . . . . . 1 . . . . . . . . . . . . Scanalyzer 4 | . . . . . 4 . . . . . . . . . . . . Insert Component 2 | . . . . . 2 . . . . . . . . . . . . Analyze 2 | . . . . . 2 . . . . . . . . . . . . Garrison Access Hacks . | . . . . . . . . . . . . . . . . . . Unauthorized Hacks 5 | . . . . . 2 . . 2 . . . . 1 . . . . Terminals 3 | . . . . . 1 . . 1 . . . . 1 . . . . Botnet 3 | . . . . . 1 . . 1 . . . . 1 . . . . Fabricators . | . . . . . . . . . . . . . . . . . . Repair Stations . | . . . . . . . . . . . . . . . . . . Recycling Units . | . . . . . . . . . . . . . . . . . . Scanalyzers 1 | . . . . . 1 . . . . . . . . . . . . Extract 1 | . . . . . 1 . . . . . . . . . . . . Garrison Access 1 | . . . . . . . . 1 . . . . . . . . . Jam 1 | . . . . . . . . 1 . . . . . . . . . Data Cores Recovered . | . . . . . . . . . . . . . . . . . . Used . | . . . . . . . . . . . . . . . . . . Hacking Detections 11 | . 2 . . . 4 1 . 3 . . . . 1 . . . . Full Trace Events 5 | . 2 . . . 2 . . 1 . . . . . . . . . Feedback Events 1 | . . . . . . . . 1 . . . . . . . . . Corruption 1 | . . . . . . . . 1 . . . . . . . . . Feedback Blocked . | . . . . . . . . . . . . . . . . . . Robot Schematics Acquired 6 | . . . . . . . . . . . 6 . . . . . . Robots Built . | . . . . . . . . . . . . . . . . . . Authchips . | . . . . . . . . . . . . . . . . . . Time . | . . . . . . . . . . . . . . . . . . Total Robot Build Rating . | . . . . . . . . . . . . . . . . . . Part Schematics Acquired 21 | . . . . . 11 . . . . . 10 . . . . . . Parts Built . | . . . . . . . . . . . . . . . . . . Authchips . | . . . . . . . . . . . . . . . . . . Time . | . . . . . . . . . . . . . . . . . . Total Part Build Rating . | . . . . . . . . . . . . . . . . . . Parts Repaired 1 | . . . . . . . . 1 . . . . . . . . . Time 60 | . . . . . . . . 60 . . . . . . . . . Parts Recycled . | . . . . . . . . . . . . . . . . . . Recycled Matter . | . . . . . . . . . . . . . . . . . . Retrieved Matter . | . . . . . . . . . . . . . . . . . . Retrieved Components 1 | . . . . . 1 . . . . . . . . . . . . Parts Scanalyzed 2 | . . . . . 2 . . . . . . . . . . . . Part Schematics Acquired 2 | . . . . . 2 . . . . . . . . . . . . Parts Damaged . | . . . . . . . . . . . . . . . . . . Bothacking | -11 -10 -10 -10 -9 -8 -7 -7 -6 -6 -6 -6 -5 -5 -5 -5 -5 -4 ------------ Run | Yrd Mat Min Exi Min Mat Fac DSF Fac Low Low Dat Pro Fac Upp Upp War Pro Used RIF Installer . | . . . . . . . . . . . . . . . . . . Robots Hacked . | . . . . . . . . . . . . . . . . . . Non-combat . | . . . . . . . . . . . . . . . . . . Combat . | . . . . . . . . . . . . . . . . . . Robot Hacks Applied . | . . . . . . . . . . . . . . . . . . Relay Couplers Released . | . . . . . . . . . . . . . . . . . . Fabnet Peak Effective % . | . . . . . . . . . . . . . . . . . . Robots Rewired 1 | . . . . . . . . . . . . 1 . . . . . Allies Hacked . | . . . . . . . . . . . . . . . . . . Hacks Repelled . | . . . . . . . . . . . . . . . . . . Allies | -11 -10 -10 -10 -9 -8 -7 -7 -6 -6 -6 -6 -5 -5 -5 -5 -5 -4 -------- Run | Yrd Mat Min Exi Min Mat Fac DSF Fac Low Low Dat Pro Fac Upp Upp War Pro Total Allies 5 | . . . . 3 . . . . . . . 2 . . . . . Largest Group 3 | . . . . 3 3 . . . . . . 2 . . . . . Highest-Rated Group 126 | . . . . 40 40 . . . . . . 126 . . . . . Highest-Rated Ally 96 | . . . . 16 16 . . . . . . 96 . . . . . Total Orders . | . . . . . . . . . . . . . . . . . . Ally Attacks 31 | . . . . . 17 . . . . . . 14 . . . . . Total Damage 671 | . . . . . 173 . . . . . . 498 . . . . . Kills 8 | . . . . . 5 . . . . . . 3 . . . . . Allies Corrupted . | . . . . . . . . . . . . . . . . . . Allies Melted 1 | . . . . . . . . . . . . 1 . . . . . Intel | -11 -10 -10 -10 -9 -8 -7 -7 -6 -6 -6 -6 -5 -5 -5 -5 -5 -4 ------- Run | Yrd Mat Min Exi Min Mat Fac DSF Fac Low Low Dat Pro Fac Upp Upp War Pro Robot Analysis Total 1 | . 1 . . . . . . . . . . . . . . . . Derelict Logs Recovered 9 | . . 1 . 1 . . . . 2 . . 1 . 2 1 . 1 Drone Launches . | . . . . . . . . . . . . . . . . . . Drone Recoveries . | . . . . . . . . . . . . . . . . . . Exploration | -11 -10 -10 -10 -9 -8 -7 -7 -6 -6 -6 -6 -5 -5 -5 -5 -5 -4 ------------- Run | Yrd Mat Min Exi Min Mat Fac DSF Fac Low Low Dat Pro Fac Upp Upp War Pro Turns Passed 22467 | . 223 436 471 138 1007 179 282 795 887 758 120 13856 1400 579 199 892 245 Spaces Moved 5915 | 1 155 428 240 77 392 56 115 314 448 430 76 966 378 407 151 1110 171 Core 1558 | . . . . . . . . . . . . 719 67 . 76 633 63 Treads 2579 | . . 184 240 77 392 56 115 314 448 430 76 247 . . . . . Legs 954 | 1 155 5 . . . . . . . . . . 311 407 75 . . Wheels . | . . . . . . . . . . . . . . . . . . Hover 544 | . . . . . . . . . . . . . . . . 442 102 Flight 280 | . . 239 . . . . . . . . . . . . . 35 6 Fastest Speed 32 | 120 120 37 157 157 157 225 148 160 160 160 160 160 120 120 50 32 32 Average Speed 351 | 120 120 91 157 157 222 225 164 160 161 167 160 1413 327 120 87 69 115 Slowest Speed 2050 | 120 120 200 157 157 545 225 225 160 162 240 160 2050 1450 120 260 250 240 Overloaded Moves . | . . . . . . . . . . . . . . . . . . Propulsion Burnouts . | . . . . . . . . . . . . . . . . . . Robots Hopped 2 | . . 2 . . . . . . . . . . . . . . . Cave-ins Triggered . | . . . . . . . . . . . . . . . . . . Exploration Rate (%) 47 | 2 28 89 60 26 35 2 87 10 61 66 68 86 8 61 41 90 34 Regions Visited 17 Branch Regions 11 Pre-discovered Areas 2 | . . . 1 . . . . . . . 1 . . . . . . Known Exits Taken 5 | . . . . . . 1 . 1 1 . . . 1 1 . . . Unknown Exits Taken 11 | 1 1 1 1 1 1 . . . . 1 1 1 . . 1 1 . Scrap Searched 20 | . . 1 . 2 . . . . 5 3 . 4 . 4 . . 1 Spaces Dug 4 | . . . . . . . . . . 3 . . 1 . . . . Terrain Destroyed 319 | . 4 1 . . 4 . . 49 . 3 . 30 1 3 . 53 171 Melee 4 | . . . . . . . . . . 3 . . 1 . . . . Projectile 39 | . . . . . 1 . . 19 . . . 3 . . . 6 10 AOE 276 | . 4 1 . . 3 . . 30 . . . 27 . 3 . 47 161 Terrain Rammed . | . . . . . . . . . . . . . . . . . . Walls Destroyed . | . . . . . . . . . . . . . . . . . . Machines Disabled . | . . . . . . . . . . . . . . . . . . Actions | -11 -10 -10 -10 -9 -8 -7 -7 -6 -6 -6 -6 -5 -5 -5 -5 -5 -4 --------- Run | Yrd Mat Min Exi Min Mat Fac DSF Fac Low Low Dat Pro Fac Upp Upp War Pro Total 7081 | . 169 465 336 82 488 109 181 495 576 455 75 1104 484 451 191 1208 212 Wait 277 | . . . 86 . 10 1 3 61 38 8 . 7 17 10 9 23 4 Move 5894 | . 154 423 239 76 391 55 114 313 447 429 75 965 377 406 150 1109 171 Hop 2 | . . 2 . . . . . . . . . . . . . . . Pick Up 129 | . 1 8 4 . 26 . 17 9 16 1 . 29 13 2 . 2 1 Fast Attach 98 | . 2 7 . . 10 1 . 9 12 2 . 11 18 5 . 19 2 Attach 66 | . . 3 3 . 2 3 3 9 4 1 . 12 9 1 1 3 12 Detach 51 | . 1 2 . . . 2 . 8 7 . . 9 4 . 1 6 11 Swap 44 | . . 1 . . 7 2 7 11 4 3 . 2 5 . 1 1 . Drop 146 | . . 11 4 . 12 . 19 14 24 5 . 12 8 4 6 27 . Fire 238 | . 11 8 . 6 15 . 18 42 12 3 . 49 18 18 9 18 11 Melee 61 | . . . . . 2 . . 10 12 3 . 1 14 5 14 . . Ram . | . . . . . . . . . . . . . . . . . . Kick 1 | . . . . . . . . . . . . . 1 . . . . Crush 12 | . . . . . 3 . . 9 . . . . . . . . . Escape Stasis . | . . . . . . . . . . . . . . . . . . Rewire 7 | . . . . . . . . . . . . 7 . . . . . Trap 55 | . . . . . 10 45 . . . . . . . . . . . Miscellaneous . | . . . . . . . . . . . . . . . . . . Route ------- -11/Scrapyard -10/Materials -10/Mines (discovered 2 exits: [*Mat] / *Exi) -10/Exiles -9/Mines -8/Materials -7/Factory -7/DSF -6/Factory -6/Lower Caves -6/Lower Caves (discovered 2 exits: *Fac / *Dat) -6/Data Miner -5/Proximity Caves -5/Factory (discovered 3 exits: Fac / *Upp x2) -5/Upper Caves -5/Upper Caves -5/Warlord -4/Proximity Caves History --------- Turn | Location | Event 1 | -11/Scrapyard | Discovered new exit (range 0) 1 | -11/Scrapyard | Entered Materials 217 | -10/Materials | Discovered new exit (range 7) 224 | -10/Materials | Entered Mines 300 | -10/Mines | Build established: Mutant 316 | -10/Mines | Discovered new exit (range 6) 335 | -10/Mines | Learned Materials emergency access door positions 341 | -10/Mines | Met a Derelict who couldn't figure out how to use a Trap Extractor 621 | -10/Mines | Received a Rocket Launcher from a helpful Derelict 654 | -10/Mines | Deemed a non-threat by the Exiles lab entrance 654 | -10/Mines | Discovered new exit (range 5) 660 | -10/Mines | Entered Exiles 703 | -10/Exiles | Met 8R-AWN 772 | -10/Exiles | Met EX-HEX 816 | -10/Exiles | Met EX-BIN 833 | -10/Exiles | Aligned with FarCom system 835 | -10/Exiles | Given EX-Vault access code 871 | -10/Exiles | Opened EX-Vault 885 | -10/Exiles | Found Firepult 924 | -10/Exiles | Warned to stay clear of 0b10 Research branches 939 | -10/Exiles | Exiles lab attacked by MAIN.C 985 | -10/Exiles | Learned location of Zion (-7) 1032 | -10/Exiles | Discovered new exit (range 10) 1131 | -10/Exiles | Left Exiles lab with Firepult 1131 | -10/Exiles | Entered Mines 1134 | -9/Mines | Met a Derelict bent on vengeance 1162 | -9/Mines | Learned Materials terminal intel 1212 | -9/Mines | Discovered new exit (range 11) 1239 | -9/Mines | Assisted by bots powering up and referring to "LRC-V3" 1269 | -9/Mines | Entered Materials 1269 | -8/Materials | Accompanied by 3 allies 1269 | -8/Materials | Evolved 4 slots: Propulsion x1, Weapon x3 1271 | -8/Materials | Loaded intel: 12 terminal locations 1571 | -8/Materials | Build established: Skirmisher 1919 | -8/Materials | Destroyed 7 combat bots 2182 | -8/Materials | Discovered new exit (range 16) 2276 | -8/Materials | Entered Factory 2276 | -7/Factory | Evolved 2 slots: Propulsion x2 2399 | -7/Factory | Identified exit to DSF 2455 | -7/Factory | Entered DSF 2507 | -7/DSF | Additional patrols routed to DSF 2713 | -7/DSF | Discovered new exit (range 14) 2737 | -7/DSF | Entered Factory 2737 | -6/Factory | Evolved 2 slots: Power x1, Utility x1 3113 | -6/Factory | Repaired Enh. Autogun 3335 | -6/Factory | Found Hvy. Reflective Plating 3522 | -6/Factory | Discovered new exit (range 6) 3531 | -6/Factory | Identified exit to Lower Caves 3532 | -6/Factory | Entered Lower Caves 3723 | -6/Lower Caves | Learned location of 1 exit from Factory 3737 | -6/Lower Caves | Attacked by a delusional Derelict stockpiling parts 3856 | -6/Lower Caves | Encountered a Warlord checkpoint 3980 | -6/Lower Caves | Build established: Derelict-Gladiator 4222 | -6/Lower Caves | Identified exit to Lower Caves 4246 | -6/Lower Caves | Attracted the attention of an 0b10 checkpoint 4419 | -6/Lower Caves | Entered another Lower Caves area 4677 | -6/Lower Caves | Discovered new exit (range 12) 5002 | -6/Lower Caves | Build established: Derelict-Tank 5167 | -6/Lower Caves | Discovered new exit (range 6) 5177 | -6/Lower Caves | Entered Data Miner 5177 | -6/Data Miner | Discovered new exit (range 6) 5208 | -6/Data Miner | Met Data Miner 5241 | -6/Data Miner | Learned location of Section 7 (-2) 5241 | -6/Data Miner | Acquired the access code to Warlord's prototype stash 5261 | -6/Data Miner | Received God Mode back door access code from Data Miner 5297 | -6/Data Miner | Entered Proximity Caves 5511 | -5/Proximity Caves | Attracted the attention of an 0b10 outpost 5574 | -5/Proximity Caves | Lost 4 parts (3n1w) 5607 | -5/Proximity Caves | Escorted by Enhanced Grunt 5642 | -5/Proximity Caves | Lost 3 parts (1n2w) 5956 | -5/Proximity Caves | Found Prototype Device 5956 | -5/Proximity Caves | Identified Exp. Thermal Shield 6224 | -5/Proximity Caves | Build established: Tank 7118 | -5/Proximity Caves | Spotted B-75 Beast 16261 | -5/Proximity Caves | Core integrity fell below 50% 16294 | -5/Proximity Caves | Lost 6 parts (2p2u2w) 16302 | -5/Proximity Caves | Destroyed B-75 Beast 16591 | -5/Proximity Caves | Build established: Mutant 18851 | -5/Proximity Caves | Received a Behemoth hack from an annoying Tinkerer 19085 | -5/Proximity Caves | Discovered new exit (range 7) 19153 | -5/Proximity Caves | Entered Factory 19153 | -5/Factory | Evolved 2 slots: Utility x2 19154 | -5/Factory | Identified exit to Factory 20072 | -5/Factory | Lost 3 parts (3w) 20187 | -5/Factory | System corruption reached 10% 20501 | -5/Factory | Identified exit to Upper Caves 20511 | -5/Factory | Build established: Scavenger-Skirmisher 20553 | -5/Factory | Entered Upper Caves 20554 | -5/Upper Caves | Encountered a Warlord checkpoint 20721 | -5/Upper Caves | Learned Factory stockpile data 20852 | -5/Upper Caves | Build established: Scavenger-Tank 20854 | -5/Upper Caves | Identified exit to Upper Caves 21014 | -5/Upper Caves | Attracted the attention of an 0b10 checkpoint 21057 | -5/Upper Caves | Lost 3 parts (1u2w) 21132 | -5/Upper Caves | Entered another Upper Caves area 21203 | -5/Upper Caves | Learned Factory garrison access intel 21270 | -5/Upper Caves | Core integrity fell below 50% 21321 | -5/Upper Caves | Lost 8 parts (1p4n2u1w) 21326 | -5/Upper Caves | Discovered new exit (range 10) 21331 | -5/Upper Caves | Entered Warlord 21354 | -5/Warlord | System corruption cleaned by Quarantine Array 21396 | -5/Warlord | Received a Watcher feed algorithm from an ecstatic Tinkerer 21501 | -5/Warlord | Visited the Vortex Lab 21506 | -5/Warlord | Found Prototype Launcher 21506 | -5/Warlord | Identified Vortex Catalyst Activator 21511 | -5/Warlord | Found Prototype Energy Cannon 21511 | -5/Warlord | Identified Vortex Cannon 21514 | -5/Warlord | Found Prototype Energy Cannon 21514 | -5/Warlord | Identified Vortex Driver 21518 | -5/Warlord | Found Prototype Energy Gun 21518 | -5/Warlord | Identified Vortex Rail 21522 | -5/Warlord | Warlord's base attacked by MAIN.C 21559 | -5/Warlord | Build established: Mutant 21596 | -5/Warlord | Opened side exit 21848 | -5/Warlord | Met Warlord 21872 | -5/Warlord | Warlord forces counterattacked 21965 | -5/Warlord | Found Prototype Ballistic Cannon 21965 | -5/Warlord | Identified Hvy. Autocannon 22197 | -5/Warlord | Warlord base infiltrated, sounded retreat 22221 | -5/Warlord | Discovered new exit (range 8) 22223 | -5/Warlord | Entered Proximity Caves 22228 | -4/Proximity Caves | Spotter reported a threat 22228 | -4/Proximity Caves | Spotter reported a threat 22230 | -4/Proximity Caves | Core integrity fell below 20% 22307 | -4/Proximity Caves | Lost 5 parts (5n) 22468 | -4/Proximity Caves | Destroyed by G-73 Enforcer with Phase Gun Last Messages --------------- 22280_ P-70 Sage destroyed. 22283_ Acquired Antigrav System. 22285_ Acquired 5 matter. 22286_ Acquired Mic. Fission Core. 22336_ System corrupted: Component data lost. 22383_ Acquired derelict log, extracted data. Data stored: Quarantine entrances (x1). 22392_ Searching scrap... 22392_ Found Imp. Hardlight Generator. 22392_ Found 30 Matter. 22393_ Acquired 30 matter. 22398_ System corrupted: Matter fused (-8). 22406_ Acquired Imp. Hardlight Generator. 22423_ System corrupted: Energy discharge (-31). 22440_ Discarded Imp. Hacking Suite. 22459_ Vortex penetrates Wall. 22465_ Antigrav System destroyed. 22465_ Vortex penetrates G-73 Enforcer. 22465_ G-73 Enforcer suffers critical hit (Sunder). 22465_ G-73 Enforcer Myomer Leg ripped off. Map ----- +----------------------------------------------------+ | ?????????????????????????????????????????????????? | | ?????????????????????????????????????????????????? | | ?????????????????????????????????????????????????? | | ?????????????????????????????????????????????????? | | ?????????????????????????????????????????????????? | | ?????????????????????????????????????????????????? | | ?????????????????????????????????????????????????? | | ?????????????????????????????????????????????????? | | ?????????????????????????????????????????????????? | | ?????????????????????????????????????????????????? | | ?????????????????????????????????????????????????? | | ?????????????????????????????????????????????????? | | ?????????????????????????????????????????????????? | | ??????????????????????????##?????????????????????? | | ?????????????????????????? ?????????????????????? | | ?????????????????????????? ?????????????????????? | | ?????????????????????????? #?????????????????????? | | ?????????????????????????? #?????????????????????? | | ?????????????????????????? #?????????????????????? | | ????????????????????????## #?????????????????????? | | ???????????????????????? ##????????????????????? | | ???????????????????????? #????????????????????? | | ????????????????????????# #????????????????????? | | ???????##??????????????## ###### g ;;#?????????? | | ??????## ?????????????## g ????????? | | ??##### #???????????## @ g ????????? | | ??# ##???????### ######???????????????? | | ??# ####?#### ####????????????????????? | | ???# ## ### ###???????????????????????? | | ???# ##?????????????????????????? | | ???# "" #??????????????????????????? | | ???## """" " ###??????????????????????????? | | ????### "" "" #????????????????????????????? | | ??????# """ #????????????????????????????? | | ??##### " " """ #????????????????????????????? | | ??# " "" #????????????????????????????? | | ??# "" ##???????????????????????????? | | ??# ####### #???????????????????????????? | | ??# ## #???????????????????????????? | | ??###?## #???????????????????????????? | | ???????## #### #???????????????????????? | | ????????# ##???# #??????????????????????? | | ??????### ###?????# #?????????????????????? | | ?????## ##???##??## ##?????????????????????? | | ????## #??? ##???? ##??????????????????????? | | ????# ##?? #?????##???????????????????????? | | ????# ##?? #??????????????????????????????? | | #???## ### #### #????????????????????????? | | #????## #????????????????????????? | | #?????# ##??????????????????????????????? | +----------------------------------------------------+ Best States ------------- Heat Dissipation 70 Coolant Potential 65 Energy Generation 31 Energy Capacity 1500 Matter Stores 389 Matter Capacity 500 Sight Range 16 Robot Scan Range 14 Terrain Scan Density 10 Power Amplification 20 Armor Coverage 600 Resistance: TH 30 Utility Shielding 66 Weapon Shielding 66 Evasion (%) 63 Targeting Accuracy 6 Melee Accuracy 8 Target Analysis 6 Core Analysis 6 Recoil Reduction 5 Particle Charging 25 Offensive Hacking 20 Defensive Hacking 14 Authchip Count 7 Item Schematics ----------------- Hyb. Deuterium Engine | -8/Materials | Scanalyzed Adv. Treads | -8/Materials | Scanalyzed Adv. Weight Redist. System | -8/Materials | Extracted Lrg. Matter Pod | -8/Materials | Extracted Reactive Plating | -8/Materials | Extracted Hvy. Mace | -8/Materials | Extracted Lrg. Storage Unit | -8/Materials | Extracted Mni. Grenade Launcher | -8/Materials | Extracted Adv. Visual Processing Unit | -8/Materials | Extracted Hacking Suite | -8/Materials | Extracted Lgt. Nuclear Core | -8/Materials | Extracted Combat Drone Bay | -6/Data Miner | Free Lgt. Regenerative Plating | -6/Data Miner | Free Enh. Flexi-carbon Leg | -6/Data Miner | Free Hvy. Proton Cannon | -6/Data Miner | Free Prc. Matter Filter | -6/Data Miner | Free Impulse Thruster | -6/Data Miner | Free Adv. Coolant Injector | -6/Data Miner | Free Biometal Leg | -6/Data Miner | Free Hardcell Cannon | -6/Data Miner | Free Adv. Trap Extractor | -6/Data Miner | Free Robot Schematics ------------------ A-15 Conveyor | -6/Data Miner | Free G-50 Soldier | -6/Data Miner | Free B-48 Gladiator | -6/Data Miner | Free M-22 Extractor | -6/Data Miner | Free L-41 Fighter | -6/Data Miner | Free A-27 Freighter | -6/Data Miner | Free Fabricated ------------ Nothing Alien Tech Used ----------------- None Achievements -------------- None Challenges ------------ None Game ------ Seed DrainedSpreadPropulsion Manual? 0 Play Time 01:00:41 Cumulative 645.3 hours Start 2024.02.06 @ 20:32:29 End 2024.02.07 @ 09:33:36 Sessions 3 Manual Loads 0 Difficulty Rogue Special Mode None Game No. 626 Rogue 353 Adventurer 123 Explorer 150 Win Type - Total 25 Types 19/0/4/1/0/0/0/1/0 Lore% 80 Gallery% 91 Achievement% 76 Wizard Run 0 Options --------- ASCII 0 Keyboard 1 Movement Numpad Keybinds 0 Fullscreen 2 Font 18/X11Bold Map View 76x50 Zoom Use 0% Tactical HUD 1 Map Filters NONE Filters NONE Steam 1 RUN: 5a9533aa-1457-427e-9eaf-ac3ea39fb018